 Dungeon Crawl Stone Soup version 0.30.2 (webtiles) character file.

Game seed: 11269211199940531565

21 porpoise the Shooter (level 2, 24/24 HPs)
             Began as a Barachi Hunter on Jan 27, 2024.
             Was a Follower of Kikubaaqudgha.
             Got out of the dungeon alive.
             The game lasted 00:02:03 (589 turns).

porpoise the Shooter (Barachi Hunter)                Turns: 589, Time: 00:02:03

Health: 24/24      AC:  3    Str: 12    XL:     2   Next: 83%
Magic:  2/2        EV: 12    Int:  9    God:    Kikubaaqudgha [*.....]
Gold:   23         SH:  0    Dex: 15    Spells: 1/1 levels left

rFire   . . .        a - +0 shortbow
rCold   . . .        (shield currently unavailable)
rNeg    . . .        c - +0 leather armour
rPois   .            (no helmet)
rElec   .            (no cloak)
rCorr   .            (no gloves)
SInv    .            (no boots)
Will    .....        (no amulet)
Stlth   +            (no ring)
HPRegen 0.24/turn    (no ring)
MPRegen 0.08/turn

%: no passive effects
@: slow
A: amphibious, slowness 1, strong legs 1, +LOS
a: Hop, Renounce Religion, Unearth Wretches


You escaped.
You worshipped Kikubaaqudgha.
Kikubaaqudgha was aware of your devotion.
You visited 1 branch of the dungeon, and saw 1 of its levels.

You collected 23 gold pieces.

Inventory:

Hand Weapons
 a - a +0 shortbow (weapon)
Armour
 c - a +0 leather armour (worn)
Jewellery
 f - a +6 ring of intelligence
Scrolls
 b - a scroll of immolation
 d - a scroll of teleportation {unknown}
 g - a scroll of identify {unknown}
 h - a scroll of enchant armour {unknown}
Potions
 e - a potion of curing {unknown}


   Skills:
 + Level 3.0 Fighting
 * Level 4.5 Ranged Weapons
 - Level 2.1 Dodging
 - Level 0.8 Stealth


You had one spell level left.
You didn't know any spells.
Your spell library contained the following spells:

 Spells                   Type           Power      Damage    Failure   Level
 Freeze                   Ice            0%         1d3       45%         1
 Necrotise                Necr           0%         1d4       45%         1
 Cigotuvi's Dreadful Rot  Necr/Pois/Air  0%         N/A       61%         2
 Sublimation of Blood     Necr           0%         N/A       61%         2
 Vampiric Draining        Necr           0%         2d6       83%         3


Dungeon Overview and Level Annotations

Branches:
Dungeon (1/15)

Altars:
Kikubaaqudgha


Innate Abilities, Weirdness & Mutations

You are amphibious.
You cover ground slowly.
You can hop short distances.
You have an extended range of vision and can be seen from far away.


Message History

You shoot an arrow. The arrow hits the rat!
You kill the rat!
You shoot an arrow.
The arrow closely misses the ball python.
You shoot an arrow.
The arrow closely misses the ball python.
The ball python bites you but does no damage.
The ball python barely misses you. The ball python bites you.
The ball python closely misses you.
You shoot an arrow. The arrow hits the ball python.
The ball python is moderately wounded.
The ball python bites you. The ball python grabs you.
The ball python constricts you.
You shoot an arrow.
The arrow closely misses the ball python.
The ball python bites you but does no damage.
The ball python constricts you. The ball python barely misses you.
The ball python constricts you.
You shoot an arrow. The arrow hits the ball python!
You kill the ball python!
No target in view!
There is a faded altar of an unknown god here.
This altar belongs to (a) Okawaru, (b) Gozag or (c) Kikubaaqudgha, but you can't tell which.
Press the corresponding letter to learn more about a god, or press enter to convert or escape to cancel.
Okay, then.
Unknown command.
Press < or > to pray at altars.
This altar belongs to (a) Okawaru, (b) Gozag or (c) Kikubaaqudgha, but you can't tell which.
Press the corresponding letter to learn more about a god, or press enter to convert or escape to cancel.
Kikubaaqudgha accepts your prayer! Kikubaaqudgha welcomes you!
You can now bring forth the wretched and dying.
Kikubaaqudgha grants you a gift!
You add the spells Necrotise, Cigotuvi's Dreadful Rot, Sublimation of Blood and Vampiric Draining to your library.
Found a short sword.
There is a fountain of sparkling water here.
You enter the shallow water.
There is a fountain of clear blue water here.
You see here 6 stones.
There is a staircase leading out of the dungeon here.
Are you sure you want to leave the Dungeon?
This will make you lose the game!
You have escaped!

#..........##################
...#.....####...#.......#.....
##...## #.#.#.#####.######
##.## #.#.#...# #.# ####)#
#...###.# #.# #### ##.##.#
#.#.....# #.# #... ##.#.#.#
#.#.##### #.###.## ##.###..#
###.# #.#..#.. #.## ##.# #@..#
#.#...## ##.###.## ###.#
#...#.# ###.#.### #.# #####.#
#.......# ..# #.## #.#####.#
#.# #.## #.# #.###### #.# #...
#.# #......# #.. #### #.#
#......# ..# #
#.#####.###..##### ###


There were no monsters in sight!

Vanquished Creatures
  A ball python (D:1)
  An endoplasm (D:1)
  2 giant cockroaches (D:1)
  5 hobgoblins (D:1)
  A quokka (D:1)
  2 bats (D:1)
  A frilled lizard (D:1)
  A goblin (D:1)
  A kobold (D:1)
  4 rats (D:1)
19 creatures vanquished.

Notes
Turn   | Place    | Note
-------+----------+-------------------------------------------
     0 | D:1      | porpoise the Barachi Hunter began the quest for the Orb.
     0 | D:1      | Reached XP level 1. HP: 17/17 MP: 1/1
    64 | D:1      | Reached XP level 2. HP: 18/23 MP: 2/2
   447 | D:1      | Found a faded altar of an unknown god.
   463 | D:1      | Got Plato's Essays on Firn
   474 | D:1      | Prayed at the altar of an unknown god.
   474 | D:1      | Became a worshipper of Kikubaaqudgha
   474 | D:1      | Reached * piety under Kikubaaqudgha
   474 | D:1      | Received a gift from Kikubaaqudgha
   589 | D:$      | Got out of the dungeon alive.

Illustrated notes

Levels and vault maps discovered:
D:1:      onia_arrival_mini_maze, layout_loops_ring,
          shapermc_ecumenical_altar_rom_forum, fountainhead, serial_bayou_ford_a

Skill      XL: |  1  2 |
---------------+-------+-----
Fighting       | 3 |  3.0
Ranged Weapons | |  4.5
Dodging        | |  2.1
Stealth        | |  0.8

Action                     || total
---------------------------++-------
   Fire: Shortbow          ||    51
 Armour: Leather armour    ||     4
  Dodge: Dodged            ||     8
